5 VP comeback,

Match 22893723
End
Construct Barracks
Riflemen Squad
Scout Squad
Riflemen Squad
Mechanized Support Center
Scout Squad
Construct Weapon Support Center
Selects Advanced Infantry Battlegroup
Selects Convert to Ranger Squad
Convert to Ranger Squad
M3 75 mm Gun Motor Carriage
M3 75 mm Gun Motor Carriage
M3 Armored Personnel Carrier
Engineer Squad
Designate Forward Repair Station
Construct Tank Depot
M18 Hellcat Tank Destroyer
M4(105) Sherman Bulldozer
Selects Artillery Observers
Selects M2A1 105mm Howitzer Emplacement
Selects 155mm Rapid Artillery Barrage
155mm Rapid Artillery Barrage
M18 Hellcat Tank Destroyer
M4A1 Sherman Medium Tank
155mm Rapid Artillery Barrage
M18 Hellcat Tank Destroyer
Mr.BlindBoy
smallNhii
Nachosguy
☦Ashur
0
0

Comments sign in to comment!

No comments posted yet!